TOP OF THE 1ST |
Peoria Chiefs batting - Pitching for Dayton Dragons : LHP Dave Schmidt
|
Pitching: LHP Dave Schmidt
|
|
Batting: RHB Fekadu Alhaadi
|
0-0: Foul Ball, location: 2F 0-1: Called Strike 0-2: Fly out, F9 (Flyball, 89XD, EV 90.6 MPH)
|
Batting: RHB Robby Hickman
|
0-0: Called Strike 0-1: Ball 1-1: Ground out 6-3 (Groundball, 6, EV 105.6 MPH)
|
Batting: RHB Tommy Boudreaux
|
0-0: Called Strike 0-1: Ball 1-1: Ground out 4-3 (Groundball, 4, EV 78.8 MPH)
|
Top of the 1st over - 0 runs, 0 hits, 0 errors, 0 left on base; Peoria 0 - Dayton 0 |
BOTTOM OF THE 1ST |
Dayton Dragons batting - Pitching for Peoria Chiefs : RHP Nick Peters
|
Pitching: RHP Nick Peters
|
|
Batting: RHB Pedro Pinero
|
0-0: Foul Ball, location: 2F 0-1: Called Strike 0-2: Ball 1-2: Foul Ball, location: 2F 1-2: Foul Ball, location: 2F 1-2: Ball 2-2: Foul Ball, location: 2F 2-2: SINGLE (Line Drive, 5D, EV 97.5 MPH)
|
Batting: RHB Tony Casas
|
0-0: Ball 1-0: Swinging Strike 1-1: Foul Ball, location: 2F 1-2: Strikes out swinging
|
Batting: LHB Chris Redhead
|
0-0: Ball 1-0: Called Strike 1-1: Ball Pedro Pinero steals 2nd, throwing error, E2 Pedro Pinero to third 2-1: Foul Ball, location: 2F 2-2: Ball 3-2: Base on Balls
|
Batting: RHB Mark Williams
|
0-0: Grounds into double play, 6-4-3 (Groundball, 6, EV 88.8 MPH)
|
Bottom of the 1st over - 0 runs, 1 hit, 1 error, 1 left on base; Peoria 0 - Dayton 0 |
TOP OF THE 2ND |
Peoria Chiefs batting - Pitching for Dayton Dragons : LHP Dave Schmidt
|
Batting: LHB Travis Ruppel
|
0-0: Ball 1-0: Ground out 5-3 (Groundball, 6, EV 81.9 MPH)
|
Batting: LHB Jorge Zarazua
|
0-0: Ground out 4-3 (Groundball, 4M, EV 79.4 MPH)
|
Batting: SHB Gerardo Macias
|
0-0: Called Strike 0-1: Ball 1-1: Called Strike 1-2: Foul Ball, location: 2F 1-2: Ball 2-2: Foul Ball, location: 2F 2-2: Ball 3-2: Ground out 6-3 (Groundball, 6, EV 80.6 MPH)
|
Top of the 2nd over - 0 runs, 0 hits, 0 errors, 0 left on base; Peoria 0 - Dayton 0 |
BOTTOM OF THE 2ND |
Dayton Dragons batting - Pitching for Peoria Chiefs : RHP Nick Peters
|
Batting: RHB Jordan Torres
|
0-0: Ball 1-0: Called Strike 1-1: Ball 2-1: Fly out, F5 (Popup, 56, EV 73.8 MPH)
|
Batting: LHB Brian Snyder
|
0-0: Swinging Strike 0-1: Swinging Strike 0-2: Strikes out swinging
|
Batting: LHB Phil Lomax
|
0-0: Ball 1-0: Ball 2-0: Called Strike 2-1: Foul Ball, location: 2F 2-2: Strikes out looking
|
Bottom of the 2nd over - 0 runs, 0 hits, 0 errors, 0 left on base; Peoria 0 - Dayton 0 |
TOP OF THE 3RD |
Peoria Chiefs batting - Pitching for Dayton Dragons : LHP Dave Schmidt
|
Batting: RHB Richard Riggs
|
0-0: Ball 1-0: Ball 2-0: Foul Ball, location: 2F 2-1: Swinging Strike 2-2: Foul Ball, location: 2F 2-2: Strikes out swinging
|
Batting: RHB Tim Cleary
|
0-0: Ball 1-0: Called Strike 1-1: Foul Ball, location: 2F 1-2: Fly out, F8 (Line Drive, 8RD, EV 91.2 MPH)
|
Batting: RHB Herbert Loveless
|
0-0: Ball 1-0: Ball 2-0: Swinging Strike 2-1: Ground out 6-3 (Groundball, 6, EV 106.2 MPH)
|
Top of the 3rd over - 0 runs, 0 hits, 0 errors, 0 left on base; Peoria 0 - Dayton 0 |
BOTTOM OF THE 3RD |
Dayton Dragons batting - Pitching for Peoria Chiefs : RHP Nick Peters
|
Batting: RHB Rongo Olopoto
|
0-0: Ball 1-0: Called Strike 1-1: Ball 2-1: Ball 3-1: Foul Ball, location: 2F 3-2: Foul Ball, location: 2F 3-2: Base on Balls
|
Batting: RHB Pat Mage
|
0-0: Foul Ball, location: 2F 0-1: Ball 1-1: Ball 2-1: Ball 3-1: Grounds into double play, 6-4-3 (Groundball, 56, EV 87.5 MPH)
|
Batting: RHB Pedro Pinero
|
0-0: Ball 1-0: Called Strike 1-1: Ball 2-1: Fly out, F4 (Popup, 4M, EV 54.4 MPH)
|
Bottom of the 3rd over - 0 runs, 0 hits, 0 errors, 0 left on base; Peoria 0 - Dayton 0 |
TOP OF THE 4TH |
Peoria Chiefs batting - Pitching for Dayton Dragons : LHP Dave Schmidt
|
Batting: RHB Fekadu Alhaadi
|
0-0: Ball 1-0: Swinging Strike 1-1: Swinging Strike 1-2: Foul Ball, location: 2F 1-2: Ball 2-2: Strikes out swinging
|
Batting: RHB Robby Hickman
|
0-0: Ball 1-0: Ball 2-0: Foul Ball, location: 2F 2-1: Reached via error on a dropped throw from 2B, E3 (Groundball, 4M, EV 101.2 MPH)
|
Batting: RHB Tommy Boudreaux
|
0-0: Ball Robby Hickman steals 2nd base 1-0: Swinging Strike 1-1: Ball 2-1: Ball 3-1: Fly out, F7 (Flyball, 7, EV 79.4 MPH)
|
Batting: LHB Travis Ruppel
|
0-0: SINGLE (Groundball, 13, EV 80.6 MPH) (infield hit) Robby Hickman to third
|
Batting: LHB Jorge Zarazua
|
0-0: Foul Ball, location: 2F 0-1: Fly out, F8 (Flyball, 78XD, EV 91.2 MPH)
|
Top of the 4th over - 0 runs, 1 hit, 1 error, 2 left on base; Peoria 0 - Dayton 0 |
BOTTOM OF THE 4TH |
Dayton Dragons batting - Pitching for Peoria Chiefs : RHP Nick Peters
|
Batting: RHB Tony Casas
|
0-0: Ball 1-0: Called Strike 1-1: Foul Ball, location: 2F 1-2: Ball 2-2: Foul Ball, location: 2F 2-2: Hit by Pitch
|
Batting: LHB Chris Redhead
|
0-0: Foul Ball, location: 2F 0-1: Ball Tony Casas steals 2nd base 1-1: Swinging Strike 1-2: Ball 2-2: Foul Ball, location: 2F 2-2: Fly out, F8 (Flyball, 78M, EV 86.2 MPH)
|
Batting: RHB Mark Williams
|
0-0: Ball 1-0: Ground out 4-3 (Groundball, 4, EV 103.1 MPH) Tony Casas to third
|
Batting: RHB Jordan Torres
|
0-0: Ball 1-0: Foul Ball, location: 2F 1-1: Ball 2-1: Swinging Strike 2-2: Foul Ball, location: 2F 2-2: Fly out, F9 (Flyball, 89M, EV 92.5 MPH)
|
Bottom of the 4th over - 0 runs, 0 hits, 0 errors, 1 left on base; Peoria 0 - Dayton 0 |
TOP OF THE 5TH |
Peoria Chiefs batting - Pitching for Dayton Dragons : LHP Dave Schmidt
|
Batting: SHB Gerardo Macias
|
0-0: Ball 1-0: Ball 2-0: Called Strike 2-1: Swinging Strike 2-2: Strikes out looking
|
Batting: RHB Richard Riggs
|
0-0: Ball 1-0: Foul Ball, location: 2F 1-1: Foul Ball, location: 2F 1-2: Ground out 4-3 (Groundball, 4, EV 83.8 MPH)
|
Batting: RHB Tim Cleary
|
0-0: Foul Ball, location: 2F 0-1: DOUBLE (Line Drive, 78XD, EV 109.4 MPH)
|
Batting: RHB Herbert Loveless
|
0-0: Ball 1-0: Hit by Pitch
|
Batting: RHB Fekadu Alhaadi
|
0-0: Called Strike 0-1: Swinging Strike 0-2: Ball 1-2: Foul Ball, location: 2F 1-2: Strikes out swinging
|
Top of the 5th over - 0 runs, 1 hit, 0 errors, 2 left on base; Peoria 0 - Dayton 0 |
BOTTOM OF THE 5TH |
Dayton Dragons batting - Pitching for Peoria Chiefs : RHP Nick Peters
|
Batting: LHB Brian Snyder
|
0-0: Foul Ball, location: 2F 0-1: Swinging Strike 0-2: Ball 1-2: Strikes out swinging
|
Batting: LHB Phil Lomax
|
0-0: Ground out 4-3 (Groundball, 4, EV 90.6 MPH)
|
Batting: RHB Rongo Olopoto
|
0-0: Ball 1-0: Swinging Strike 1-1: Ball 2-1: Called Strike 2-2: Ball 3-2: Strikes out swinging
|
Bottom of the 5th over - 0 runs, 0 hits, 0 errors, 0 left on base; Peoria 0 - Dayton 0 |
TOP OF THE 6TH |
Peoria Chiefs batting - Pitching for Dayton Dragons : LHP Dave Schmidt
|
Batting: RHB Robby Hickman
|
0-0: Ball 1-0: Foul Ball, location: 2F 1-1: Ground out 5-3 (Groundball, 56, EV 88.1 MPH)
|
Batting: RHB Tommy Boudreaux
|
0-0: Ground out 6-3 (Groundball, 6, EV 101.9 MPH)
|
Batting: LHB Travis Ruppel
|
0-0: Ball 1-0: Ball 2-0: Ground out 6-3 (Groundball, 6MD, EV 107.5 MPH)
|
Top of the 6th over - 0 runs, 0 hits, 0 errors, 0 left on base; Peoria 0 - Dayton 0 |
BOTTOM OF THE 6TH |
Dayton Dragons batting - Pitching for Peoria Chiefs : RHP Nick Peters
|
Batting: RHB Pat Mage
|
0-0: Ball 1-0: Called Strike 1-1: Ball 2-1: Fly out, F9 (Line Drive, 34D, EV 64.4 MPH)
|
Batting: RHB Pedro Pinero
|
0-0: Called Strike 0-1: Foul Ball, location: 2F 0-2: Ball 1-2: Ball 2-2: Ground out 6-3 (Groundball, 56, EV 93.1 MPH)
|
Batting: RHB Tony Casas
|
0-0: Ball 1-0: Foul Ball, location: 2F 1-1: Ball 2-1: Ball 3-1: Foul Ball, location: 2F 3-2: Base on Balls
|
Pitching: RHP Kohsuke Naito
|
|
Batting: LHB Chris Redhead
|
0-0: Ball Tony Casas steals 2nd base 1-0: Ball 2-0: Ball 3-0: Base on Balls
|
Batting: RHB Mark Williams
|
0-0: Fly out, F8 (Line Drive, 8LD, EV 99.4 MPH)
|
Bottom of the 6th over - 0 runs, 0 hits, 0 errors, 2 left on base; Peoria 0 - Dayton 0 |
TOP OF THE 7TH |
Peoria Chiefs batting - Pitching for Dayton Dragons : LHP Dave Schmidt
|
Batting: LHB Jorge Zarazua
|
0-0: Called Strike 0-1: Ball 1-1: Called Strike 1-2: SINGLE (Groundball, 34D, EV 100.0 MPH)
|
Batting: SHB Gerardo Macias
|
0-0: Foul Ball, location: 2F 0-1: Ball 1-1: Called Strike 1-2: Foul Ball, location: 2F 1-2: Fly out, F4 (Popup, 4M, EV 79.4 MPH)
|
Pitching: RHP Jeremy Whooley
|
|
Pinch Hitting: SHB Bobby O'Leary
|
0-0: Ball 1-0: SINGLE (Line Drive, 4M, EV 95.0 MPH) Jorge Zarazua to second
|
Batting: RHB Tim Cleary
|
0-0: Ball 1-0: Foul Ball, location: 2F 1-1: Ground out 5-3 (Groundball, 56S, EV 93.1 MPH) Jorge Zarazua to third Bobby O'Leary to second
|
Batting: RHB Herbert Loveless
|
0-0: Ball 1-0: Called Strike 1-1: Foul Ball, location: 2F 1-2: Ball 2-2: Foul Ball, location: 2F 2-2: Foul Ball, location: 2F 2-2: Ball Passed Ball! Jorge Zarazua scores Bobby O'Leary to third 3-2: Ground out 4-3 (Groundball, 13, EV 80.0 MPH)
|
Top of the 7th over - 1 run, 2 hits, 0 errors, 1 left on base; Peoria 1 - Dayton 0 |
BOTTOM OF THE 7TH |
Dayton Dragons batting - Pitching for Peoria Chiefs : RHP Kohsuke Naito
|
Now at 3B: Bobby O'Leary
|
|
Batting: RHB Jordan Torres
|
0-0: Ball 1-0: Swinging Strike 1-1: Ground out 5-3 (Groundball, 5, EV 105.6 MPH)
|
Batting: LHB Brian Snyder
|
0-0: Called Strike 0-1: Ball 1-1: Ball 2-1: Called Strike 2-2: Ball 3-2: Foul Ball, location: 2F 3-2: Foul Ball, location: 2F 3-2: Ground out 5-3 (Groundball, 6, EV 102.5 MPH)
|
Batting: LHB Phil Lomax
|
0-0: Foul Ball, location: 2F 0-1: Fly out, F9 (Line Drive, 89M, EV 87.5 MPH)
|
Bottom of the 7th over - 0 runs, 0 hits, 0 errors, 0 left on base; Peoria 1 - Dayton 0 |
TOP OF THE 8TH |
Peoria Chiefs batting - Pitching for Dayton Dragons : RHP Jeremy Whooley
|
Batting: RHB Fekadu Alhaadi
|
0-0: Ball 1-0: Foul Ball, location: 2F 1-1: Foul Ball, location: 2F 1-2: Ball 2-2: Foul Ball, location: 2F 2-2: Strikes out swinging
|
Batting: RHB Robby Hickman
|
0-0: Called Strike 0-1: Ball 1-1: Swinging Strike 1-2: SINGLE (Groundball, 4S, EV 68.8 MPH) (infield hit)
|
Batting: RHB Tommy Boudreaux
|
0-0: Ball 1-0: Called Strike 1-1: Fly out, F8 (Line Drive, 8LM, EV 99.4 MPH)
|
Pitching: LHP John Maher
|
|
Batting: LHB Travis Ruppel
|
0-0: Ball 1-0: SINGLE (Groundball, 34S, EV 95.6 MPH) Robby Hickman to second Runner from 2nd tries for 3rd, SAFE, throw by RF made to third
|
Batting: LHB Jorge Zarazua
|
0-0: Ball 1-0: Foul Ball, location: 2F 1-1: SINGLE (Groundball, 34D, EV 98.1 MPH) Robby Hickman scores Travis Ruppel to second Runner from 2nd tries for 3rd, SAFE, throw by RF made to third
|
Batting: SHB Gerardo Macias
|
0-0: Called Strike 0-1: Ball 1-1: Foul Ball, location: 2F 1-2: Fly out, F4 (Popup, 34, EV 73.8 MPH)
|
Top of the 8th over - 1 run, 3 hits, 0 errors, 2 left on base; Peoria 2 - Dayton 0 |
BOTTOM OF THE 8TH |
Dayton Dragons batting - Pitching for Peoria Chiefs : RHP Kohsuke Naito
|
Batting: RHB Rongo Olopoto
|
0-0: Called Strike 0-1: Ground out 6-3 (Groundball, 6D, EV 105.6 MPH)
|
Pinch Hitting: RHB Jonathan Davis
|
0-0: Called Strike 0-1: Foul Ball, location: 2F 0-2: Ball 1-2: Ball 2-2: Strikes out swinging
|
Batting: RHB Pedro Pinero
|
0-0: Called Strike 0-1: Ball 1-1: Ground out U3 (Groundball, 3S, EV 89.4 MPH)
|
Bottom of the 8th over - 0 runs, 0 hits, 0 errors, 0 left on base; Peoria 2 - Dayton 0 |
TOP OF THE 9TH |
Peoria Chiefs batting - Pitching for Dayton Dragons : LHP John Maher
|
Now in CF: Jonathan Davis
|
|
Batting: SHB Bobby O'Leary
|
0-0: Ground out 6-3 (Groundball, 6, EV 82.5 MPH)
|
Batting: RHB Tim Cleary
|
0-0: Ball 1-0: Ball 2-0: Called Strike 2-1: Called Strike 2-2: Ground out 6-3 (Groundball, 6, EV 86.2 MPH)
|
Batting: RHB Herbert Loveless
|
0-0: Called Strike 0-1: Ball 1-1: Swinging Strike 1-2: Foul Ball, location: 2F 1-2: Strikes out looking
|
Top of the 9th over - 0 runs, 0 hits, 0 errors, 0 left on base; Peoria 2 - Dayton 0 |
BOTTOM OF THE 9TH |
Dayton Dragons batting - Pitching for Peoria Chiefs : RHP Kohsuke Naito
|
Pitching: RHP Adrian Frazier
|
|
Now in LF: Jose Jimenez
|
|
Batting: RHB Tony Casas
|
0-0: Ball 1-0: SINGLE (Groundball, 3D, EV 100.6 MPH)
|
Batting: LHB Chris Redhead
|
0-0: Called Strike 0-1: Ball 1-1: Ball 2-1: Foul Ball, location: 2F 2-2: Fielders Choice at 2nd, 3-6 (Groundball, 3, EV 88.8 MPH)
|
Batting: RHB Mark Williams
|
0-0: Swinging Strike 0-1: Fly out, F8 (Line Drive, 8RM, EV 93.8 MPH)
|
Batting: RHB Jordan Torres
|
0-0: Ball 1-0: SINGLE (Groundball, 4MD, EV 98.1 MPH) Chris Redhead to second
|
Batting: LHB Brian Snyder
|
0-0: Ball 1-0: Ball 2-0: Swinging Strike 2-1: Foul Ball, location: 2F 2-2: DOUBLE (Groundball, 3L, EV 104.4 MPH) Chris Redhead scores Jordan Torres to third Runner from 3rd tries for Home, SAFE, no throw by RF
|
Batting: LHB Phil Lomax
|
0-0: Intentional Walk
|
Batting: RHB Rongo Olopoto
|
0-0: Ball Wild Pitch! Brian Snyder to third Phil Lomax to second 1-0: Foul Ball, location: 2F 1-1: Ball 2-1: Called Strike 2-2: Strikes out swinging
|
Bottom of the 9th over - 2 runs, 3 hits, 0 errors, 2 left on base; Peoria 2 - Dayton 2 |
TOP OF THE 10TH |
Peoria Chiefs batting - Pitching for Dayton Dragons : LHP John Maher
|
Pitching: RHP Brian Trejo
|
|
Batting: RHB Fekadu Alhaadi
|
0-0: Foul Ball, location: 2F 0-1: Ball 1-1: Foul Ball, location: 2F 1-2: Ball 2-2: Fly out, F9 (Flyball, 9, EV 78.8 MPH)
|
Batting: RHB Robby Hickman
|
0-0: Foul Ball, location: 2F 0-1: Foul Ball, location: 2F 0-2: Foul Ball, location: 2F 0-2: Ball 1-2: SOLO HOME RUN (Flyball, 7D, EV 98.8 MPH), Distance : 365 ft
|
Batting: RHB Tommy Boudreaux
|
0-0: DOUBLE (Flyball, 89XD, EV 106.2 MPH)
|
Batting: LHB Travis Ruppel
|
0-0: Intentional Walk
|
Batting: LHB Jorge Zarazua
|
0-0: Ball 1-0: Ball 2-0: Foul Ball, location: 2F 2-1: Foul Ball, location: 2F 2-2: Foul Ball, location: 2F 2-2: Foul Ball, location: 2F 2-2: Foul Ball, location: 2F 2-2: Strikes out looking
|
Batting: RHB Jose Jimenez
|
0-0: Ball 1-0: Called Strike 1-1: Ball 2-1: Foul Ball, location: 2F 2-2: Foul Ball, location: 2F 2-2: Strikes out swinging
|
Top of the 10th over - 1 run, 2 hits, 0 errors, 2 left on base; Peoria 3 - Dayton 2 |
BOTTOM OF THE 10TH |
Dayton Dragons batting - Pitching for Peoria Chiefs : RHP Adrian Frazier
|
Pitching: LHP Paul Fuller
|
|
Batting: RHB Jonathan Davis
|
0-0: Called Strike 0-1: Ball 1-1: Foul Ball, location: 2F 1-2: Strikes out swinging
|
Batting: RHB Pedro Pinero
|
0-0: Called Strike 0-1: Foul Ball, location: 2F 0-2: Strikes out swinging
|
Batting: RHB Tony Casas
|
0-0: Called Strike 0-1: Foul Ball, location: 2F 0-2: Ball 1-2: Ball 2-2: Ground out U3 (Groundball, 3L, EV 86.9 MPH)
|
Bottom of the 10th over - 0 runs, 0 hits, 0 errors, 0 left on base; Peoria 3 - Dayton 2 |
|